| TOP OF THE 1ST |
|
Americus Braves batting - Pitching for Portland Angels : LHP Lee Wendt
|
|
Pitching: LHP Lee Wendt
|
|
|
Batting: RHB Ryan Cole
|
0-0: Called Strike 0-1: Foul Ball, location: 2F 0-2: Ball 1-2: Fly out, F6 (Line Drive, 6, EV 65.6 MPH)
|
|
Batting: RHB Wilson Salgado
|
0-0: Called Strike 0-1: Foul Ball, location: 2F 0-2: Ball 1-2: Strikes out looking
|
|
Batting: RHB Scott Hansen
|
0-0: Called Strike 0-1: Called Strike 0-2: Ball 1-2: Foul Ball, location: 2F 1-2: Foul Ball, location: 2F 1-2: Foul Ball, location: 2F 1-2: Ball 2-2: Ground out 4-3 (Groundball, 4, EV 83.8 MPH)
|
| Top of the 1st over - 0 runs, 0 hits, 0 errors, 0 left on base; Americus 0 - Portland 0 |
| BOTTOM OF THE 1ST |
|
Portland Angels batting - Pitching for Americus Braves : LHP Ji-chol Lee
|
|
Pitching: LHP Ji-chol Lee
|
|
|
Batting: RHB Jose Garduno
|
0-0: Foul Ball, location: 2F 0-1: Fly out, F9 (Flyball, 9, EV 93.1 MPH)
|
|
Batting: RHB Steve Neely
|
0-0: Fly out, F5 (Popup, 6S, EV 86.9 MPH)
|
|
Batting: RHB Scott Webb
|
0-0: Fly out, F3 (Popup, 3L, EV 78.1 MPH)
|
| Bottom of the 1st over - 0 runs, 0 hits, 0 errors, 0 left on base; Americus 0 - Portland 0 |
| TOP OF THE 2ND |
|
Americus Braves batting - Pitching for Portland Angels : LHP Lee Wendt
|
|
Batting: RHB Ricardo Joya
|
0-0: SOLO HOME RUN (Flyball, 7LD, EV 93.1 MPH), Distance : 329 ft
|
|
Batting: RHB Josh Maxwell
|
0-0: Ball 1-0: Called Strike 1-1: Ball 2-1: Foul Ball, location: 2F 2-2: Strikes out swinging
|
|
Batting: RHB Jose Florez
|
0-0: Called Strike 0-1: Foul Ball, location: 2F 0-2: Ball 1-2: Strikes out looking
|
|
Batting: RHB Bart Stevensdick
|
0-0: Foul Ball, location: 2F 0-1: Ground out 4-3 (Groundball, 4S, EV 68.8 MPH)
|
| Top of the 2nd over - 1 run, 1 hit, 0 errors, 0 left on base; Americus 1 - Portland 0 |
| BOTTOM OF THE 2ND |
|
Portland Angels batting - Pitching for Americus Braves : LHP Ji-chol Lee
|
|
Batting: RHB Alex Rosaly
|
0-0: Ball 1-0: Ball 2-0: Called Strike 2-1: Ball 3-1: SINGLE (Line Drive, 9LS, EV 100.6 MPH)
|
|
Batting: SHB Manuel Martinez
|
0-0: Ball 1-0: Called Strike 1-1: Swinging Strike 1-2: Ball 2-2: Foul Ball, location: 2F 2-2: Strikes out swinging
|
|
Batting: LHB Doug Nebel
|
0-0: Swinging Strike 0-1: SINGLE (Line Drive, 3D, EV 106.2 MPH) Alex Rosaly to second Runner from 2nd tries for 3rd, SAFE, throw by RF made to third
|
|
Batting: RHB Mario Martinez
|
0-0: Called Strike Doug Nebel is caught stealing 2nd base 2-4 0-1: Ball 1-1: Foul Ball, location: 2F 1-2: Strikes out swinging
|
| Bottom of the 2nd over - 0 runs, 2 hits, 0 errors, 1 left on base; Americus 1 - Portland 0 |
| TOP OF THE 3RD |
|
Americus Braves batting - Pitching for Portland Angels : LHP Lee Wendt
|
|
Batting: RHB Juan Barela
|
0-0: Ball 1-0: Ball 2-0: Ball 3-0: Called Strike 3-1: Base on Balls
|
|
Batting: LHB Pappy Sterile
|
0-0: Fly out, F8 (Line Drive, 8RD, EV 110.6 MPH)
|
|
Batting: RHB Ryan Cole
|
0-0: Ball 1-0: Ball 2-0: Fly out, F7 (Flyball, 78M, EV 91.2 MPH)
|
|
Batting: RHB Wilson Salgado
|
0-0: Ball 1-0: Swinging Strike 1-1: Foul Ball, location: 2F 1-2: Ground out 5-3 (Groundball, 5S, EV 83.1 MPH)
|
| Top of the 3rd over - 0 runs, 0 hits, 0 errors, 1 left on base; Americus 1 - Portland 0 |
| BOTTOM OF THE 3RD |
|
Portland Angels batting - Pitching for Americus Braves : LHP Ji-chol Lee
|
|
Batting: LHB David Coatney
|
0-0: Ball 1-0: Ball 2-0: Ground out 5-3 (Groundball, 56, EV 99.4 MPH)
|
|
Batting: LHB John Harvey
|
0-0: Fly out, F8 (Flyball, 8RD, EV 91.2 MPH)
|
|
Batting: RHB Jose Garduno
|
0-0: Called Strike 0-1: Ball 1-1: Foul Ball, location: 2F 1-2: Ball 2-2: Ball 3-2: Base on Balls
|
|
Batting: RHB Steve Neely
|
0-0: Foul Ball, location: 2F 0-1: Ball 1-1: Foul Ball, location: 2F 1-2: Foul Ball, location: 2F 1-2: Foul Ball, location: 2F 1-2: DOUBLE (Flyball, 8LD, EV 90.0 MPH) Jose Garduno to third Runner from 3rd tries for Home, SAFE, throw by CF to trailing runner, OUT at third! 8-3-5
|
| Bottom of the 3rd over - 1 run, 1 hit, 0 errors, 0 left on base; Americus 1 - Portland 1 |
| TOP OF THE 4TH |
|
Americus Braves batting - Pitching for Portland Angels : LHP Lee Wendt
|
|
Batting: RHB Scott Hansen
|
0-0: Ball 1-0: Ball 2-0: Called Strike 2-1: Ball 3-1: Foul Ball, location: 2F 3-2: Foul Ball, location: 2F 3-2: Reached on error, E5 (Groundball, 56, EV 93.1 MPH)
|
|
Batting: RHB Ricardo Joya
|
0-0: Foul Ball, location: 2F 0-1: SINGLE (Groundball, 4MD, EV 103.8 MPH) Scott Hansen to second
|
|
Batting: RHB Josh Maxwell
|
0-0: Foul Ball, location: 2F 0-1: Ball 1-1: Called Strike 1-2: Foul Ball, location: 2F 1-2: Hit by Pitch Scott Hansen to third Ricardo Joya to second
|
|
Batting: RHB Jose Florez
|
0-0: Ball 1-0: Called Strike 1-1: Swinging Strike 1-2: Foul Ball, location: 2F 1-2: Foul Ball, location: 2F 1-2: Ball 2-2: Fly out, F9 (Flyball, 89M, EV 96.9 MPH) Runner from 3rd tags up, SCORES, throw by RF Ricardo Joya to third
|
|
Batting: RHB Bart Stevensdick
|
0-0: Ball 1-0: Ball 2-0: Called Strike 2-1: SINGLE (Groundball, 25, EV 67.5 MPH) (infield hit) Josh Maxwell to second
|
|
Batting: RHB Juan Barela
|
0-0: Foul Ball, location: 2F 0-1: Ball 1-1: Called Strike 1-2: Strikes out swinging
|
|
Batting: LHB Pappy Sterile
|
0-0: Called Strike 0-1: Ball 1-1: Called Strike 1-2: Strikes out swinging
|
| Top of the 4th over - 1 run, 2 hits, 1 error, 3 left on base; Americus 2 - Portland 1 |
| BOTTOM OF THE 4TH |
|
Portland Angels batting - Pitching for Americus Braves : LHP Ji-chol Lee
|
|
Batting: RHB Scott Webb
|
0-0: Called Strike 0-1: Ball 1-1: Fly out, F9 (Flyball, 9LD, EV 91.2 MPH)
|
|
Batting: RHB Alex Rosaly
|
0-0: SOLO HOME RUN (Flyball, 9D, EV 98.1 MPH), Distance : 364 ft
|
|
Batting: SHB Manuel Martinez
|
0-0: Foul Ball, location: 2F 0-1: Swinging Strike 0-2: Ball 1-2: Ball 2-2: Foul Ball, location: 2F 2-2: Foul Ball, location: 2F 2-2: Ball 3-2: Base on Balls
|
|
Batting: LHB Doug Nebel
|
0-0: 2-RUN HOME RUN (Flyball, 9D, EV 100.0 MPH), Distance : 395 ft
|
|
Batting: RHB Mario Martinez
|
0-0: Called Strike 0-1: Swinging Strike 0-2: Ball 1-2: Ball 2-2: Foul Ball, location: 2F 2-2: Strikes out swinging
|
|
Batting: LHB David Coatney
|
0-0: Ball 1-0: Swinging Strike 1-1: Called Strike 1-2: Foul Ball, location: 2F 1-2: Ball 2-2: Foul Ball, location: 2F 2-2: Ball 3-2: Base on Balls
|
|
Batting: LHB John Harvey
|
0-0: Ball 1-0: Fielders Choice at 2nd, 6-4 (Groundball, 6, EV 81.9 MPH)
|
| Bottom of the 4th over - 3 runs, 2 hits, 0 errors, 1 left on base; Americus 2 - Portland 4 |
| TOP OF THE 5TH |
|
Americus Braves batting - Pitching for Portland Angels : LHP Lee Wendt
|
|
Batting: RHB Ryan Cole
|
0-0: Ball 1-0: Swinging Strike 1-1: Ball 2-1: Ball 3-1: Base on Balls
|
|
Batting: RHB Wilson Salgado
|
0-0: Ball 1-0: Ball 2-0: Grounds into double play, 6-4-3 (Groundball, 6, EV 86.9 MPH)
|
|
Batting: RHB Scott Hansen
|
0-0: Ball 1-0: Ball 2-0: Ball 3-0: Called Strike 3-1: Base on Balls
|
|
Pitching: LHP Benjie Dalaque
|
|
|
Batting: RHB Ricardo Joya
|
0-0: Ball Wild Pitch! Scott Hansen to second 1-0: Swinging Strike 1-1: Called Strike 1-2: Strikes out swinging
|
| Top of the 5th over - 0 runs, 0 hits, 0 errors, 1 left on base; Americus 2 - Portland 4 |
| BOTTOM OF THE 5TH |
|
Portland Angels batting - Pitching for Americus Braves : LHP Ji-chol Lee
|
|
Batting: RHB Jose Garduno
|
0-0: Ball 1-0: Ball 2-0: Called Strike 2-1: SOLO HOME RUN (Line Drive, 7D, EV 92.5 MPH), Distance : 348 ft
|
|
Batting: RHB Steve Neely
|
0-0: Ball 1-0: Ball 2-0: Foul Ball, location: 2F 2-1: Foul Ball, location: 2F 2-2: Strikes out looking
|
|
Batting: RHB Scott Webb
|
0-0: Called Strike 0-1: Ball 1-1: Ball 2-1: Called Strike 2-2: Strikes out swinging
|
|
Batting: RHB Alex Rosaly
|
0-0: Called Strike 0-1: Ball 1-1: Swinging Strike 1-2: SINGLE (Line Drive, 7LS, EV 108.8 MPH)
|
|
Batting: SHB Manuel Martinez
|
0-0: Foul Ball, location: 2F 0-1: Called Strike 0-2: Ball 1-2: Ball 2-2: Ball 3-2: Ground out 4-3 (Groundball, 34S, EV 81.2 MPH)
|
| Bottom of the 5th over - 1 run, 2 hits, 0 errors, 1 left on base; Americus 2 - Portland 5 |
| TOP OF THE 6TH |
|
Americus Braves batting - Pitching for Portland Angels : LHP Benjie Dalaque
|
|
Batting: RHB Josh Maxwell
|
0-0: Ball 1-0: Swinging Strike 1-1: Foul Ball, location: 2F 1-2: Strikes out looking
|
|
Batting: RHB Jose Florez
|
0-0: Ground out 6-3 (Groundball, 6, EV 91.2 MPH)
|
|
Batting: RHB Bart Stevensdick
|
0-0: Ball 1-0: Fly out, F8 (Flyball, 8LD, EV 103.1 MPH)
|
| Top of the 6th over - 0 runs, 0 hits, 0 errors, 0 left on base; Americus 2 - Portland 5 |
| BOTTOM OF THE 6TH |
|
Portland Angels batting - Pitching for Americus Braves : LHP Ji-chol Lee
|
|
Batting: LHB Doug Nebel
|
0-0: Called Strike 0-1: SINGLE (Groundball, 34D, EV 103.8 MPH)
|
|
Batting: RHB Mario Martinez
|
0-0: Ball 1-0: Ball 2-0: Ball 3-0: Base on Balls Doug Nebel to second
|
|
Pitching: RHP Justus Gonzales
|
|
|
Batting: LHB David Coatney
|
0-0: Ball 1-0: Ball 2-0: Called Strike 2-1: Ball 3-1: Called Strike 3-2: Strikes out looking
|
|
Batting: LHB John Harvey
|
0-0: Called Strike 0-1: Swinging Strike 0-2: Ball 1-2: Grounds into double play, 5-4-3 (Groundball, 56, EV 109.4 MPH)
|
| Bottom of the 6th over - 0 runs, 1 hit, 0 errors, 1 left on base; Americus 2 - Portland 5 |
| TOP OF THE 7TH |
|
Americus Braves batting - Pitching for Portland Angels : LHP Benjie Dalaque
|
|
Batting: RHB Juan Barela
|
0-0: Foul Ball, location: 2F 0-1: Foul Ball, location: 2F 0-2: Ball 1-2: Ball 2-2: Foul Ball, location: 2F 2-2: Strikes out swinging
|
|
Batting: LHB Pappy Sterile
|
0-0: Foul Ball, location: 2F 0-1: Hit by Pitch
|
|
Batting: RHB Ryan Cole
|
0-0: Foul Ball, location: 2F 0-1: Ball 1-1: Foul Ball, location: 2F 1-2: Ground out 5-3 (Groundball, 56, EV 86.2 MPH) Pappy Sterile to second
|
|
Batting: RHB Wilson Salgado
|
0-0: Ball 1-0: Swinging Strike 1-1: Swinging Strike 1-2: Ground out 5-3 (Groundball, 56S, EV 80.6 MPH)
|
| Top of the 7th over - 0 runs, 0 hits, 0 errors, 1 left on base; Americus 2 - Portland 5 |
| BOTTOM OF THE 7TH |
|
Portland Angels batting - Pitching for Americus Braves : RHP Justus Gonzales
|
|
Batting: RHB Jose Garduno
|
0-0: Ball 1-0: Ground out 1-3 (Groundball, 34S, EV 61.9 MPH)
|
|
Batting: RHB Steve Neely
|
0-0: Ball 1-0: Ball 2-0: Ball 3-0: Base on Balls
|
|
Batting: RHB Scott Webb
|
0-0: Called Strike 0-1: Called Strike 0-2: Fielders Choice at 2nd, 5-4 (Groundball, 56, EV 87.5 MPH)
|
|
Batting: RHB Alex Rosaly
|
0-0: Called Strike 0-1: Ball 1-1: Called Strike Scott Webb is caught stealing 2nd base 2-4
|
| Bottom of the 7th over - 0 runs, 0 hits, 0 errors, 0 left on base; Americus 2 - Portland 5 |
| TOP OF THE 8TH |
|
Americus Braves batting - Pitching for Portland Angels : LHP Benjie Dalaque
|
|
Batting: RHB Scott Hansen
|
0-0: Ball 1-0: Foul Ball, location: 2F 1-1: Called Strike 1-2: Ball 2-2: Ball 3-2: Base on Balls
|
|
Batting: RHB Ricardo Joya
|
0-0: Ball 1-0: Ball 2-0: Fly out, F9 (Flyball, 89M, EV 86.9 MPH)
|
|
Batting: RHB Josh Maxwell
|
0-0: Ball 1-0: Ball 2-0: Ball 3-0: Base on Balls Scott Hansen to second
|
|
Pinch Hitting: LHB Garret Mathis
|
0-0: Ball 1-0: Grounds into double play, 4-6-3 (Groundball, 4, EV 92.5 MPH)
|
| Top of the 8th over - 0 runs, 0 hits, 0 errors, 1 left on base; Americus 2 - Portland 5 |
| BOTTOM OF THE 8TH |
|
Portland Angels batting - Pitching for Americus Braves : RHP Justus Gonzales
|
|
Now at 3B: Bill Horne
|
|
|
Batting: RHB Alex Rosaly
|
0-0: Ground out 4-3 (Groundball, 4S, EV 72.5 MPH)
|
|
Batting: SHB Manuel Martinez
|
0-0: Ball 1-0: Ball 2-0: Fly out, F9 (Line Drive, 9LM, EV 108.8 MPH)
|
|
Batting: LHB Doug Nebel
|
0-0: Foul Ball, location: 2F 0-1: Swinging Strike 0-2: Strikes out swinging
|
| Bottom of the 8th over - 0 runs, 0 hits, 0 errors, 0 left on base; Americus 2 - Portland 5 |
| TOP OF THE 9TH |
|
Americus Braves batting - Pitching for Portland Angels : LHP Benjie Dalaque
|
|
Pitching: LHP Randy Boutilier
|
|
|
Pinch Hitting: RHB Alex Guerra
|
0-0: Ball 1-0: Called Strike 1-1: Swinging Strike 1-2: Strikes out swinging
|
|
Pinch Hitting: RHB Chris Foss
|
0-0: Ball 1-0: Foul Ball, location: 2F 1-1: Foul Ball, location: 2F 1-2: Strikes out swinging
|
|
Batting: LHB Pappy Sterile
|
0-0: Ball 1-0: Ground out 6-3 (Groundball, 6MS, EV 89.4 MPH)
|
| Top of the 9th over - 0 runs, 0 hits, 0 errors, 0 left on base; Americus 2 - Portland 5 |
|